 Seeded DCSS version 0.28-a0-1555-g9ae15a6949 (webtiles) character file.

Game seed: 82 (custom seed)

68 knot the Chopper (level 4, 35/35 HPs)
             Began as a Demonspawn Berserker on Jan 19, 2022.
             Was a Believer of Trog.
             Quit the game on level 3 of the Dungeon.
             The game lasted 00:01:44 (1899 turns).

knot the Chopper (Demonspawn Berserker)             Turns: 1899, Time: 00:01:45

Health: 35/35      AC:  5    Str: 17    XL:     4   Next: 1%
Magic:  4/4        EV: 12    Int: 10    God:    Trog [**....]
Gold:   92         SH:  0    Dex: 13    Spells: 3/3 levels left

rFire   + . .      SeeInvis .   j - +5 flail "Kor Goa" {speed, rF+}
rCold   . . .      Faith    .   (no shield)
rNeg    . . .      Spirit   .   b - +0 animal skin
rPois   .          Reflect  .   (helmet restricted)
rElec   .          Harm     .   o - scarf {shadows}
rCorr   .          Rampage  .   e - +0 pair of gloves
Will    .....                   (no boots)
Stlth   +.........              (no amulet)
HPRegen 0.11/turn               (no ring)
MPRegen 0.18/turn               (no ring)

@: no status effects
A: horns 1, yellow scales 1, magic regeneration
a: Renounce Religion, Berserk, Trog's Hand


You were on level 3 of the Dungeon.
You worshipped Trog.
Trog was pleased with you.
You visited 1 branch of the dungeon, and saw 3 of its levels.

You collected 92 gold pieces.

Inventory:

Hand Weapons
 j - the +5 flail "Kor Goa" (weapon) {speed, rF+}
   (You found it on level 2 of the Dungeon)

   Attacks with this weapon are significantly faster.
   rF:        It protects you from fire.
Missiles
 a - 59 stones (quivered)
 c - 26 sling bullets
 m - 2 poisoned darts
Armour
 b - a +0 animal skin (worn)
 e - a +0 pair of gloves (worn)
 o - a scarf of shadows (worn)
Jewellery
 p - a ring of positive energy
Scrolls
 d - a scroll of identify {unknown}
 g - 4 scrolls of fear {unknown}
 h - a scroll of blinking {unknown}
 i - a scroll of teleportation {unknown}
 k - a scroll of amnesia {unknown}
 n - a scroll of noise {unknown}
Potions
 f - a potion of berserk rage {unknown}
 l - 2 potions of flight {unknown}


   Skills:
 - Level 3.0 Fighting
 * Level 4.3 Axes
 * Level 0.8 Throwing
 - Level 1.7 Armour
 - Level 1.7 Dodging


You had 3 spell levels left.
You didn't know any spells.
Your spell library was empty.

Dungeon Overview and Level Annotations

Branches:
Dungeon (3/15)

Altars:

Shops:
D:2 =   D:3 =


Innate Abilities, Weirdness & Mutations

You have a pair of small horns on your head.
You are partially covered in yellow scales. (AC +2)
You regenerate magic rapidly.


Message History

(D) Dungeon
Where to? (Enter - D:2, ? - help)
There is a stone staircase leading down here.
You climb downwards.
There is a stone staircase leading up here.
Found Yclelih's Jewellery Emporium.
Found a runed scarf.
Found a stone staircase leading up.
No target in view!
No target in view!
An endoplasm comes into view.
Found a scroll labelled CIEH NEOPOSOTH.
You see here a scarf of shadows.
o - a scarf of shadows
Found a runed marble ring.
The endoplasm quivers.
The endoplasm barely misses you.
You hit the endoplasm.
You kill the endoplasm!
Trog accepts your kill.
No target in view!
No target in view!
You start putting on your armour.
You continue putting on your scarf of shadows. x4
You finish putting on your scarf of shadows.
It gets dark.
g - 4 scrolls labelled CIEH NEOPOSOTH (gained 1)
p - a ring of positive energy
There is an entrance to Yclelih's Jewellery Emporium here.
A giant cockroach comes into view.
A giant cockroach is nearby!
You closely miss the giant cockroach. The giant cockroach misses you. x2
You sock the giant cockroach!
You kill the giant cockroach!
Trog accepts your kill.
You can now call upon Trog for regeneration and willpower.
You have reached level 4!
You feel agile.
Your demonic ancestry asserts itself...
Yellow scales grow over part of your body.
Are you sure you want to abandon this character and quit the game? (Confirm with "yes".)

#....# #.#......
##..##### #.#.#..##
#.......#####........
#..####...##.....###
#.#####..##..#.....#
....<.....##.####.#.#
..........∩...# #.#.#
.......###....####.#.##
#.....##@.##........##
####.....##.........###.
########......<......
#.......#####. #########


There were no monsters in sight!

Vanquished Creatures
  3 adders (D:2)
  A worm (D:2)
  A dart slug (D:1)
  5 ball pythons
  5 endoplasms
  3 giant cockroaches
  7 hobgoblins (D:2)
  A quokka (D:1)
  2 frilled lizards (D:2)
  2 goblins
  3 kobolds (D:2)
  2 rats
35 creatures vanquished.

Notes
Turn   | Place    | Note
-------+----------+-------------------------------------------
     0 | D:1      | knot the Demonspawn Berserker began the quest for the Orb.
     0 | D:1      | Reached XP level 1. HP: 18/18 MP: 1/1
   421 | D:1      | Reached skill level 3 in Axes
   723 | D:1      | Gained mutation: You regenerate magic rapidly. [demonic
                  | ancestry]
   723 | D:1      | Reached XP level 2. HP: 21/24 MP: 2/2
   903 | D:2      | Identified the +5 flail "Kor Goa" {speed, rF+}
  1074 | D:2      | Gained mutation: You have a pair of small horns on your
                  | head. [demonic ancestry]
  1074 | D:2      | Reached XP level 3. HP: 29/29 MP: 3/3
  1166 | D:2      | Reached skill level 4 in Axes
  1792 | D:2      | Found Cosix's Jewellery Emporium.
  1863 | D:3      | Found Yclelih's Jewellery Emporium.
  1898 | D:3      | Reached ** piety under Trog
  1899 | D:3      | Gained mutation: You are partially covered in yellow
                  | scales. (AC +2) [demonic ancestry]
  1899 | D:3      | Reached XP level 4. HP: 35/35 MP: 4/4
  1899 | D:3      | Quit the game

Illustrated notes

Levels and vault maps discovered:
D:1:      eino_arrival_water_star, layout_loops_ring
D:2:      layout_rooms, serial_glass, glass_columns_b, glass_columns_a,
          glass_columns_a, glass_columns_c, glass_columns_a, glass_columns_a,
          glass_columns_a, glass_columns_a, glass_columns_a, glass_columns_a,
          serial_shops, nicolae_shop_behind_doors
D:3:      layout_rooms, serial_shops, nicolae_square_shop,
          ebering_ecumenical_altar_petrified, roderic_lattice_a

Skill      XL: |  1  2  3 |
---------------+----------+-----
Axes           | 3 4 |  4.3
Fighting       | |  3.0
Throwing       | |  0.8
Armour         | |  1.7
Dodging        | |  1.7

Action                   |  1- 3 |  4- 6 || total
-------------------------+-------+-------++-------
Melee: Hand axe          |    37 |       ||    37
       Flail             |    46 |       ||    46
       Headbutt          |     1 |       ||     1
       Punch             |     1 |       ||     1
Invok: Berserk           |     2 |       ||     2
 Stab: Sleeping          |     1 |       ||     1
Armor: Animal skin       |    15 |       ||    15
Dodge: Dodged            |    53 |       ||    53

Table legend: (Time is in decaauts)
 A = Elapsed time spent in this place.
 B = Non-inter-level travel time spent in this place.
 C = Inter-level travel time spent in this place.
 D = Time resting spent in this place.
 E = Time spent auto-exploring this place.
 F = Levels seen in this place.
 G = Mean time per level.
                   A        B        C        D        E       F      G
               +--------+--------+--------+--------+--------+-----+--------+
         Total |   1921 |   1907 |     14 |    411 |   1257 |   3 |  640.3 |
       Dungeon |   1921 |   1907 |     14 |    411 |   1257 |   3 |  640.3 |
               +--------+--------+--------+--------+--------+-----+--------+

Top non-repeatable levels by time:
     D:1: 1058 daAuts
     D:2: 815 daAuts
     D:3: 47 daAuts
